 Dungeon Crawl Stone Soup version 0.22-a0-3-g4fa69d9 (webtiles) character file.

32 rgaf the Sneak (level 3, -6/24 HPs)
             Began as a Vampire Enchanter on Jan 1, 2018.
             Killed by divine providence
             ... invoked by an orc priest
              (12 damage)
             ... on level 1 of the Dungeon.
             The game lasted 00:01:00 (1867 turns).

rgaf the Sneak (Vampire Enchanter)                  Turns: 1867, Time: 00:01:01

Health: -6/24      AC:  2    Str:  7    XL:     3   Next: 10%
Magic:  4/6        EV: 12    Int: 18    God:
Gold:   21         SH:  0    Dex: 14    Spells: 3/6 levels left

rFire    . . .     SeeInvis +   k - +0 dagger (venom)
rCold    + . .     Gourm    .   (no shield)
rNeg     + + .     Faith    .   b - +0 robe
rPois    +         Spirit   .   (no helmet)
rElec    .         Reflect  .   (no cloak)
rCorr    .         Harm     .   (no gloves)
MR       .....                  (no boots)
Stlth    ++++......             (no amulet)
HPRegen  0.04/turn              (no ring)
MPRegen  0.10/turn              (no ring)

@: regenerating slowly
A: fangs 3, see invisible, unbreathing
a: Bat Form


You were on level 1 of the Dungeon.
You were near bloodless.

You visited 1 branch of the dungeon, and saw 2 of its levels.

You collected 21 gold pieces.

Inventory:

Hand Weapons
 a - a +1 dagger
 k - a +0 dagger of venom (weapon)
Armour
 b - a +0 robe (worn)
Scrolls
 g - 4 scrolls of identify {unknown}
 j - a scroll of magic mapping {unknown}
Potions
 d - 7 potions of blood
 e - 3 potions of flight {unknown}
 f - 2 potions of mutation {unknown}
 h - a potion of cancellation {unknown}
 i - a potion of haste {unknown}
Books
 c - a book of Maledictions

   Spells                             Type                      Level
   a - Corona                         Hexes                        1
   b - Ensorcelled Hibernation        Hexes/Ice                    2
   c - Confuse                        Hexes                        3
   d - Tukima's Dance                 Hexes                        3
   e - Dazzling Spray                 Conjuration/Hexes            3


   Skills:
 - Level 1.1 Short Blades
 - Level 2.1 Dodging
 + Level 5.6 Stealth
 - Level 2.0 Spellcasting
 + Level 5.4 Hexes


You had 3 spell levels left.
You knew the following spells:

 Your Spells              Type           Power        Failure   Level  Hunger
a - Corona                Hex            ###....      1%          1    #......
b - Ensorcelled Hibernat  Hex/Ice        ##....       9%          2    ###....


Dungeon Overview and Level Annotations

Branches:
Dungeon (2/15)

Altars:


Innate Abilities, Weirdness & Mutations

You heal slowly.
You have razor-sharp teeth.
You have supernaturally acute eyesight. (SInv)
You can survive without breathing.


Message History

Unknown command.
Unknown command.
The orc priest invokes the aid of Beogh against you.
Beogh smites you! The orc misses you.
You climb upwards.
There is a stone staircase leading down here.
Cast which spell? (? or * to list)
Aiming: Ensorcelled Hibernation
Press: ? - help, Shift-Dir - straight line, f - orc priest
Aim: an orc priest, wielding an enchanted mace and wearing a chain mail (chance to defeat MR: 42%)
The orc priest resists with some effort.
The orc priest barely misses you. The orc hits you with a whip.
* * * LOW HITPOINT WARNING * * *
You hit the orc priest.
The orc priest is poisoned.
You bite the orc priest, but do no damage.
The orc priest is lightly wounded.
The orc priest mumbles some strange prayers to Beogh against you.
Beogh smites you!
Ouch! That really hurt!
You die...

###'########.# #.# #.# #.#
#..#.# #.# #.# #.# #..#.#
#.# #.# #.#####..#.# #.# #.#
#........#.# #.# #.#
########.#.# #.# #.# #.#.#
#.#########.#
##########.#.###o#.........#
................@o.........#
##########.#.#.###.#######.#
##########.#.#.# #.# #.#
...........#.#.# #.# #.#
.........###.#.###.# #.#
#..(.........#.....# #.#
....####.#####.###########.#
....#.......##.######......#
........................####


You could see an orc priest and an orc.

Vanquished Creatures
  An adder (D:1)
  An ooze (D:1)
  A leopard gecko (D:1)
  An orc (D:1)
  2 bats (D:1)
  5 goblins (D:1)
  A hobgoblin (D:1)
  A kobold (D:1)
  2 frilled lizards (D:1)
  A rat (D:1)
16 creatures vanquished.

Notes
Turn   | Place    | Note
-------+----------+-------------------------------------------
     0 | D:1      | rgaf the Vampire Enchanter began the quest for the Orb.
     0 | D:1      | Reached XP level 1. HP: 13/13 MP: 3/3
   418 | D:1      | Reached XP level 2. HP: 12/19 MP: 5/5
   528 | D:1      | Learned a level 2 spell: Ensorcelled Hibernation
   548 | D:1      | Reached skill level 5 in Stealth
   548 | D:1      | Reached skill level 5 in Hexes
  1387 | D:1      | Reached XP level 3. HP: 10/24 MP: 6/6
  1867 | D:1      | Killed from afar by an orc priest

Vault maps used:
D:1:      dpeg_arrival_arbitrary_b
D:2:      uniq_jessica

Skill      XL: |  1  2 |
---------------+-------+-----
Stealth        | 5 |  5.6
Hexes          | 5 |  5.4
Short Blades   | |  1.1
Dodging        | |  2.1
Spellcasting   | |  2.0

Action                   || total
-------------------------++-------
Melee: Dagger            ||    53
       Bite              ||     2
 Cast: Ensorcelled Hiber ||     1
 Stab: Sleeping          ||     4
Armor: Robe              ||    15
Dodge: Dodged            ||    35

Table legend:
 A = Spawn XP
 B = Non-spawn XP
 C = Spawn XP percentage of total XP
 D = Spawn monster count
 E = Non-spawn monster count
 F = Spawn count percentage of total count
 G = Total turns spent on level
                    A         B        C        D         E        F      G
               +---------+---------+-------+---------+---------+-------+---------
         Total |       0 |      47 |   0.0 |       0 |      16 |   0.0 |  1867
               +---------+---------+-------+---------+---------+-------+---------
           D:1 |       0 |      47 |   0.0 |       0 |      16 |   0.0 |  1835
               +---------+---------+-------+---------+---------+-------+---------
